 Dungeon Sprint DCSS version 0.15-a0-2352-g26abbdd (webtiles) character file.

32711 BluebellGnoll the Talismancer (level 19, -15/177 HPs)
             Began as a Deep Dwarf Artificer on July 30, 2014.
             Was a High Priest of Makhleb.
             Demolished by Tiamat
             ... wielding a +1 bardiche of holy wrath
              (24 damage)
             ... in the Dungeon (Sprint VI: "Thunderdome") on July 31, 2014.
             The game lasted 02:18:55 (4504 turns).

BluebellGnoll the Talismancer (DDAr)                Turns: 4504, Time: 02:18:57

HP -15/177       AC 48     Str 17      XL: 19   Next: 14%
MP  23/23        EV  5     Int 15      God: Makhleb [*****.]
Gold 2319        SH 21     Dex 14      Spells:  0 memorised, 18 levels left

rFire  + + +     SeeInvis .     N - +8 war axe (freeze)
rCold  + + +     Clarity  .     y - +12 gold dragon armour
rNeg   + + +     rCorr    .     a - +6 shield of Rotation {+Blink rC+ Curse}
rPois  +         rRot     .     H - +2 hat of Night {+Inv rPois}
rElec  +         Spirit   .     M - +1 cloak of Hairiness {rElec rPois}
SustAb .         Warding  .     E - +2 pair of gloves of Benevolence {rN+ Dex-4}
rMut   .         NoTele   +     I - +0 pair of boots of the Empire {+Rage +Inv rF+ rC+ Str+2 Slay+4}
Gourm  +                        b - amulet of the gourmand
MR     ++...                    s - ring "Nelomej Waex" {rElec rF+ Dex-1 Stlth+}
                                w - ring "Centaq" {rC+ rN+}

@: non-regenerating, very resistant to hostile enchantments, extremely
unstealthy
A: damage resistance, recharge devices, breathe flames 1, negative energy
resistance 1, sense surroundings 3, slow healing 3, forlorn
a: Device Recharging, Minor Destruction, Lesser Servant of Makhleb, Major
Destruction, Greater Servant of Makhleb, Renounce Religion, Breathe Fire, Evoke
Blink, Evoke Berserk Rage, Evoke Invisibility
}: 5/15 runes: decaying, barnacled, slimy, silver, mossy


You were in the Dungeon.
You worshipped Makhleb.
Makhleb was extremely pleased with you.
You were not hungry.

You visited 1 branch You collected 14960 gold pieces.
You spent 12641 gold pieces at shops.

Inventory:

Hand weapons
 B - a -3 arbalest
 N - a +8 war axe of freezing (weapon)
 O - a +0 blowgun
 Y - a +2 hand axe of venom
Missiles
 v - 44 needles of confusion
 D - 21 bolts
 Q - 30 javelins (quivered)
Armour
 a - the +6 shield of Rotation (worn) {+Blink rC+ Curse}
   (You bought it in a shop in the Dungeon)

   It protects you from cold.
   It lets you blink.
   It may recurse itself when equipped.
 d - the +0 large shield "Ben Umergh" {Dex+1 Int+4, unknown}
   (You took it off a daeva in the Dungeon)

   It affects your intelligence (+4).
   It affects your dexterity (+1).
 y - a +12 gold dragon armour (worn)
 E - the +2 pair of gloves of Benevolence (worn) {rN+ Dex-4}
   (You bought it in a shop in the Dungeon)

   It affects your dexterity (-4).
   It protects you from negative energy.
 H - the +2 hat of Night (worn) {+Inv rPois}
   (You bought it in a shop in the Dungeon)

   It protects you from poison.
   It lets you turn invisible.
 I - the +0 pair of boots of the Empire (worn) {+Rage +Inv rF+ rC+ Str+2 Slay+4}
   (You bought it in a shop in the Dungeon)

   It affects your strength (+2).
   It affects your accuracy and damage with ranged weapons and melee attacks
   (+4).
   It protects you from fire.
   It protects you from cold.
   It lets you turn invisible.
   It lets you go berserk.
 M - the +1 cloak of Hairiness (worn) {rElec rPois}
   (You bought it in a shop in the Dungeon)

   It insulates you from electricity.
   It protects you from poison.
Magical devices
 c - a wand of enslavement (12)
 f - a wand of heal wounds (5)
 n - a wand of cold (3)
 o - a wand of fire (2)
 G - a wand of invisibility (3)
 P - a wand of random effects (15)
Comestibles
 g - a bread ration
 t - a rotting chunk of human flesh
Scrolls
 e - 7 scrolls of identify
 m - 9 scrolls of blinking
 p - 6 scrolls of fog
 z - 13 scrolls of remove curse
 S - 4 scrolls of recharging
 T - 3 scrolls of silence
Jewellery
 b - an amulet of the gourmand (around neck)
 h - the ring "Pheiqiu" {rPois rF+}
   (You bought it in a shop in the Dungeon)

   [ring of protection from fire]

   It protects you from fire.
   It protects you from poison.
 s - the ring "Nelomej Waex" (right hand) {rElec rF+ Dex-1 Stlth+}
   (You bought it in a shop in the Dungeon)

   [ring of stealth]

   It affects your dexterity (-1).
   It protects you from fire.
   It insulates you from electricity.
   It makes you more stealthy.
 u - the ring of the Castellan {Dex+3 SInv Stlth-}
   (You bought it in a shop in the Dungeon)

   [ring of loudness]

   It affects your dexterity (+3).
   It enhances your eyesight.
   It makes you less stealthy.
 w - the ring "Centaq" (left hand) {rC+ rN+}
   (You bought it in a shop in the Dungeon)

   [ring of positive energy]

   It protects you from cold.
   It protects you from negative energy.
 x - the amulet "Umeohenu" {Clar SInv}
   (You bought it in a shop in the Dungeon)

   [amulet of clarity]

   It provides mental clarity.
   It enhances your eyesight.
 A - the ring of Nairhiz {Ice Str+3 Stlth+}
   (You bought it in a shop in the Dungeon)

   [ring of ice]

   It enhances your ice magic, and weakens your fire magic.
   It affects your strength (+3).
   It makes you vulnerable to fire.
   It protects you from cold.
   It makes you more stealthy.
 F - the ring of Shou {SustAb rC+}
   (You bought it in a shop in the Dungeon)

   [ring of sustain abilities]

   It sustains your strength, intelligence and dexterity.
   It protects you from cold.
 L - the ring "Plac Pnur" {rF+ Str+1 Int+2 Stlth+}
   (You bought it in a shop in the Dungeon)

   [ring of intelligence]

   It affects your strength (+1).
   It affects your intelligence (+2).
   It protects you from fire.
   It makes you more stealthy.
 W - an uncursed ring of protection from magic
Potions
 j - 7 potions of haste
 k - 2 potions of magic
 l - a potion of berserk rage
 q - a potion of resistance
 K - 9 potions of curing
 U - 5 potions of agility
 V - 5 potions of might
Rods
 J - a +7 lightning rod (17/17)
   (You bought it in a shop in the Dungeon)


   Skills:
 - Level 12.8 Fighting
   Level 0.8 Short Blades
 + Level 20.4 Axes
 - Level 4.5 Crossbows
 - Level 14.4 Throwing
 - Level 23.6 Armour
 - Level 18.6 Dodging
 - Level 8.0 Stealth
 * Level 19.7 Shields
 - Level 17.0 Invocations
 O Level 27 Evocations


You had 18 spell levels left.
You didn't know any spells.

Dungeon Overview and Level Annotations

Branches:
Dungeon (1/1)

Altars:
Cheibriados
Dithmenos
Elyvilon
Fedhas
Gozag
Kikubaaqudgha
Makhleb
Nemelex Xobeh
Okawaru
Qazlal
Sif Muna
Trog
Vehumet
Xom
Yredelemnul
Zin
The Shining One
Jiyva
Lugonu

Shops:
D [%??*?*:[((!!!!

Annotations:
D Tiamat


Innate Abilities, Weirdness & Mutations

You are resistant to damage.
You can recharge devices by infusing magical energy.
You resist negative energy.
You passively map a large area around you.
You do not heal naturally.
You can breathe flames.
You have difficulty communicating with the divine.


Message History

Tiamat hits you with a bardiche of holy wrath!!
* * * LOW HITPOINT WARNING * * *
You block Tiamat's attack.
Unknown command.
Drink which item? (? for menu, Esc to quit)
Okay, then.
Unknown command.
The cacodemon gestures at you. The bolt of energy hits you!
* * * LOW HITPOINT WARNING * * *
You block the moth of wrath's attack.
Unknown command.
Drink which item? (? for menu, Esc to quit)
You feel much better.
The cacodemon hits you but does no damage.
You block the cacodemon's attack. You block the moth of wrath's attack.
Tiamat hits you with a bardiche of holy wrath!
* * * LOW HITPOINT WARNING * * *
Tiamat tail-slaps you!!
You die...

##### ##⌠⌠⌠## #.....# ##.....##
##∩.....∩## #∩.......∩#
#_..)...._# #_2)....._#
#)y@y...._# ###[d.(.....###
#⌠[[..(..).).⌠#
######.8)..(.....8.######
##∩___...).)###...(...__∩##
###=....()).8.# #.8.(......∩##
##.(....))[.)[[###.............
#⌠........[.###...###..([(.....
#⌠[.....[)[.# #(<.# #[(([(....[


You could see Tiamat (berserk), a cacodemon and 2 moths of wrath.

Vanquished Creatures
  the Lernaean hydra (D)
  2 Killer Klowns (D)
  3 pearl dragons (D)
  An electric golem (D)
  Nikola (D)
  2 Ice Fiends (D)
  An Orb Guardian (D)
  3 daevas (D)
  A fire giant (D)
  2 balrugs (D)
  An orc warlord (D)
  4 angels (D)
  A stone giant (D)
  2 ophanim (D)
  3 apis (D)
  2 death oozes (D)
  2 merfolk javelineers (D)
  A fire dragon (D)
  2 blizzard demons (D)
  A deep elf death mage (D)
  3 vault guards (D)
  2 merfolk impalers (D)
  2 death cobs (D)
  2 naga warriors (D)
  2 centaur warriors (D)
  2 merfolk aquamancers (D)
  2 death yaks (D)
  An orc high priest (D)
  A hell hog (D)
  A naga sharpshooter (D)
  A fire crab (D)
  A human skeleton (D)
  16 skeletal warriors (D)
  A sun demon (D)
  A cherub (D)
  A hell knight (D)
  2 iron trolls (D)
  An ice devil (D)
  An ironbrand convoker (D)
  A harpy (D)
  3 necromancers (D)
  A hill giant (D)
  A mana viper (D)
  3 orc knights (D)
  2 wizards (D)
  A cyclops (D)
  4 black mambas (D)
  A water nymph (D)
  2 naga magi (D)
  An orange demon (D)
  3 efreet (D)
  5 kobold demonologists (D)
  A hellwing (D)
  A human zombie (D)
  3 blue devils (D)
  A red devil (D)
  A troll (D)
  A siren zombie (D)
  A tengu conjurer (D)
  2 queen bees (D)
  2 boulder beetles (D)
  2 ynoxinuls (D)
  A soldier ant (D)
  A hungry ghost (D)
  A warg (D)
  2 ugly things (D)
  A neqoxec (D)
  2 nagas (D)
  2 water moccasins (D)
  10 centaurs (D)
  Sigmund (D)
  8 brain worms (D)
  3 jellies (D)
  5 killer bees (D)
  An orc wizard (D)
  5 worker ants (D)
  2 adders (D)
  2 ufetubi (D)
  2 orcs (D)
  A bat zombie (D)
  6 kobolds (D)
  A giant newt skeleton (D)
  A rat (D)
180 creatures vanquished.

Vanquished Creatures (collateral kills)
  Agnes (D)
  A Killer Klown (D)
  A great orb of eyes (D)
  A pearl dragon (D)
  An Ice Fiend (D)
  Ilsuiw (D)
  A death ooze (D)
  2 vault guards (D)
  A hydra (D)
  A death cob (D)
  A siren (D)
  A merfolk aquamancer (D)
  2 death yaks (D)
  A soul eater (D)
  A hell knight (D)
  2 ice devils (D)
  5 skeletal warriors (D)
  An orc knight (D)
  A cyclops (D)
  An orange demon (D)
  An iron devil (D)
  A smoke demon (D)
  A kobold demonologist (D)
  A hellwing (D)
  A red devil (D)
  A two-headed ogre (D)
  A merfolk skeleton (D)
  A blue devil (D)
  2 freezing wraiths (D)
  7 boulder beetles (D)
  6 ugly things (D)
  A deep elf mage (D)
  A hell hound (D)
  A worker ant (D)
  A shadow imp (D)
  2 ufetubi (D)
  An orc (D)
  A giant newt zombie (D)
  A jackal zombie (D)
59 creatures vanquished.

Vanquished Creatures (others)
  A cacodemon (D)
  5 balrugs (D)
  2 blizzard demons (D)
  2 green deaths (D)
10 creatures vanquished.

Grand Total: 249 creatures vanquished

Notes
Turn   | Place    | Note
--------------------------------------------------------------
     0 | D        | BluebellGnoll, the Deep Dwarf Artificer, began the quest for the Orb.
     0 | D        | Reached XP level 1. HP: 16/16 MP: 1/1
     1 | D        | Found a deep blue altar of Sif Muna.
     2 | D        | Found an ancient bone altar of Kikubaaqudgha.
     3 | D        | Found an opulent altar of Gozag.
     3 | D        | Found a shadowy altar of Dithmenos.
     4 | D        | Found Psoetom's Do-It-Yourself Clinic.
     4 | D        | Found Chusam's Weapon Rack.
     4 | D        | Found Suac's Basic Armour.
     5 | D        | Found a snail-covered altar of Cheibriados.
     5 | D        | Round 1.
     6 | D        | Found a white marble altar of Elyvilon.
     7 | D        | Found Shresat's Premium Goods.
     7 | D        | Found Shusin's Miscellaneous Merchandise.
    12 | D        | Bought a +0 broad axe for 120 gold pieces
    18 | D        | Found an iron altar of Okawaru.
    19 | D        | Found a blossoming altar of Fedhas.
    19 | D        | Found a bloodstained altar of Trog.
    20 | D        | Found Thytz's Identification Station.
    21 | D        | Found Ocaunlup's Advanced Armour.
    21 | D        | Found a stormy altar of Qazlal.
    22 | D        | Found a radiant altar of Vehumet.
    22 | D        | Found a viscous altar of Jiyva.
    23 | D        | Found Kajiug's Jewellery.
    23 | D        | Found Qeciume's Bee Food.
    33 | D        | Found Skoajile's Bottled Wisdom.
    33 | D        | Found a corrupted altar of Lugonu.
    34 | D        | Found Siliaf's Distillery.
    34 | D        | Found a sparkling altar of Nemelex Xobeh.
    34 | D        | Found Efi Sud's Distillery.
    35 | D        | Found a shimmering altar of Xom.
    38 | D        | Found a burning altar of Makhleb.
    39 | D        | Found a basalt altar of Yredelemnul.
    39 | D        | Found Agigg's Staff Store.
    40 | D        | Found Hantu's Must-Have Magic.
    44 | D        | Found a glowing silver altar of Zin.
    44 | D        | Found Smenlu Cleru's Magic Scroll Shop.
    45 | D        | Found a glowing golden altar of the Shining One.
    46 | D        | Became a worshipper of Makhleb the Destroyer
    47 | D        | Found Uqupojae's Magic Scroll Shop.
    54 | D        | Noticed Sigmund
    62 | D        | Killed Sigmund
    62 | D        | Reached skill level 8 in Axes
    62 | D        | Reached XP level 2. HP: 18/24 MP: 3/3
    62 | D        | Reached XP level 3. HP: 22/30 MP: 5/5
    62 | D        | Reached XP level 4. HP: 27/37 MP: 6/6
    63 | D        | Reached skill level 9 in Axes
    64 | D        | Acquired Makhleb's first power
    72 | D        | Noticed a worker ant
    76 | D        | Bought a vibrating copper ring for 45 gold pieces
    77 | D        | Identified the ring "Nelomej Waex" {rElec rF+ Dex-1 Stlth+} (You bought it in a shop in the Dungeon)
    87 | D        | Killed a worker ant
    87 | D        | Acquired Makhleb's second power
    87 | D        | Arena points: 12 (+12) [x2]
    87 | D        | Reached skill level 10 in Axes
    97 | D        | Bought an ancient bronze ring for 45 gold pieces
    98 | D        | Identified the ring of Uxucuin {rC+ Str-3 Dex+4} (You bought it in a shop in the Dungeon)
   122 | D        | Round 2.
   127 | D        | Reached XP level 5. HP: 40/43 MP: 8/8
   135 | D        | Reached skill level 5 in Evocations
   137 | D        | Acquired Makhleb's third power
   193 | D        | Acquired Makhleb's fourth power
   193 | D        | Arena points: 48 (+36) [x3]
   202 | D        | Bought a smoking ruby amulet for 45 gold pieces
   203 | D        | Identified the amulet of Aklue {Clar Dex-5 Int+3} (You bought it in a shop in the Dungeon)
   218 | D        | Round 3.
   222 | D        | Noticed a black mamba
   229 | D        | Killed a black mamba
   229 | D        | Reached skill level 12 in Evocations
   229 | D        | Reached XP level 6. HP: 19/50 MP: 13/18
   229 | D        | Reached XP level 7. HP: 21/56 MP: 14/20
   232 | D        | Noticed a naga warrior
   240 | D        | Killed a naga warrior
   240 | D        | Reached skill level 16 in Evocations
   240 | D        | Reached XP level 8. HP: 63/63 MP: 15/23
   246 | D        | Noticed a naga
   251 | D        | Killed a naga
   251 | D        | Acquired Makhleb's fifth power
   257 | D        | Noticed a black mamba
   261 | D        | Killed a black mamba
   261 | D        | Reached skill level 17 in Evocations
   267 | D        | Noticed a naga warrior
   274 | D        | Killed a naga warrior
   274 | D        | Reached skill level 19 in Evocations
   274 | D        | Gained mutation: You passively map the area around you. [level up]
   274 | D        | Reached XP level 9. HP: 49/69 MP: 21/25
   279 | D        | Noticed a water moccasin
   280 | D        | Killed a water moccasin
   280 | D        | Arena points: 132 (+84) [x4]
   297 | D        | Round 4.
   303 | D        | Bought a brightly glowing wooden ring for 45 gold pieces
   303 | D        | Bought a flickering tin ring for 45 gold pieces
   303 | D        | Bought a transparent crystal amulet for 45 gold pieces
   305 | D        | Identified the ring "Centaq" {rC+ rN+} (You bought it in a shop in the Dungeon)
   307 | D        | Identified the ring "Byefrirgh" {Str+4 Dex-5} (You bought it in a shop in the Dungeon)
   311 | D        | Identified the amulet "Umeohenu" {Clar SInv} (You bought it in a shop in the Dungeon)
   415 | D        | Arena points: 272 (+140) [x5]
   435 | D        | Bought 3 scrolls of identify for 150 gold pieces
   443 | D        | Bought a slimy marble ring for 45 gold pieces
   445 | D        | Identified the cursed ring "Jethref" {Fire Dex-4 Int-2} (You bought it in a shop in the Dungeon)
   485 | D        | Round 5.
   493 | D        | Noticed the 27-headed Lernaean hydra
   496 | D        | Killed the 27-headed Lernaean hydra
   496 | D        | Arena points: 552 (+280) [x7]
   496 | D        | Reached XP level 10. HP: 75/99 MP: 27/27
   497 | D        | Got a decaying rune of Zot
   504 | D        | Reached skill level 5 in Armour
   504 | D        | Reached XP level 11. HP: 80/106 MP: 28/28
   677 | D        | Round 6.
   799 | D        | Arena points: 984 (+432) [x8]
   832 | D        | Bought 15 scrolls of remove curse for 450 gold pieces
   845 | D        | Bought a warped glass ring for 45 gold pieces
   845 | D        | Bought a vibrating golden ring for 45 gold pieces
   847 | D        | Identified the ring "Gucur" {rC+ Str-3 Int+4} (You bought it in a shop in the Dungeon)
   849 | D        | Identified the ring of Nairhiz {Ice Str+3 Stlth+} (You bought it in a shop in the Dungeon)
   885 | D        | Round 7.
  1018 | D        | Arena points: 1488 (+504) [x9]
  1033 | D        | Bought a faintly humming shield for 332 gold pieces
  1034 | D        | Identified the +6 shield of Rotation {+Blink rC+ Curse} (You bought it in a shop in the Dungeon)
  1068 | D        | Round 8.
  1129 | D        | Reached skill level 10 in Fighting
  1195 | D        | Arena points: 2208 (+720) [x10]
  1210 | D        | Bought a warped helmet for 332 gold pieces
  1211 | D        | Identified the cursed -4 helmet of an ice cave {Slay+4} (You bought it in a shop in the Dungeon)
  1219 | D        | Bought a warped ivory ring for 45 gold pieces
  1220 | D        | Bought an ancient pewter ring for 45 gold pieces
  1222 | D        | Identified the ring "Pheiqiu" {rPois rF+} (You bought it in a shop in the Dungeon)
  1224 | D        | Identified the ring "Soacoihi" {Ice Str+3} (You bought it in a shop in the Dungeon)
  1256 | D        | Round 9.
  1302 | D        | Noticed a naga sharpshooter
  1306 | D        | Killed a naga sharpshooter
  1323 | D        | Reached XP level 12. HP: 112/118 MP: 24/24
  1402 | D        | Arena points: 3099 (+891) [x11]
  1424 | D        | Bought a pair of warped gloves for 332 gold pieces
  1425 | D        | Identified the +2 pair of gloves of Benevolence {rN+ Dex-4} (You bought it in a shop in the Dungeon)
  1439 | D        | Bought a transparent granite ring for 45 gold pieces
  1439 | D        | Bought a wavering ruby amulet for 45 gold pieces
  1441 | D        | Identified the amulet "Emaic" {Spirit +Rage rC+ Int+1 Stlth--} (You bought it in a shop in the Dungeon)
  1446 | D        | Identified the ring of the Castellan {Dex+3 SInv Stlth-} (You bought it in a shop in the Dungeon)
  1453 | D        | Round 10.
  1459 | D        | Noticed Ilsuiw
  1470 | D        | Killed Ilsuiw
  1470 | D        | Arena points: 4269 (+1170) [x13]
  1471 | D        | Got a barnacled rune of Zot
  1494 | D        | Bought a pair of ancient boots for 332 gold pieces
  1502 | D        | Identified the +0 pair of boots of the Empire {+Rage +Inv rF+ rC+ Str+2 Slay+4} (You bought it in a shop in the Dungeon)
  1672 | D        | Round 11.
  1715 | D        | Noticed a centaur warrior
  1726 | D        | Killed a centaur warrior
  1726 | D        | Reached skill level 15 in Axes
  1761 | D        | Arena points: 6117 (+1848) [x14]
  1772 | D        | Bought a +0 lightning rod (12/12) for 595 gold pieces
  1813 | D        | Round 12.
  1834 | D        | Reached skill level 1 in Shields
  1915 | D        | Reached skill level 5 in Shields
  1933 | D        | Arena points: 7917 (+1800) [x15]
  1959 | D        | Bought an ancient hat for 315 gold pieces
  1966 | D        | Identified the +2 hat of Night {+Inv rPois} (You bought it in a shop in the Dungeon)
  1989 | D        | Bought 3 potions of heal wounds for 90 gold pieces
  1989 | D        | Bought 4 potions of curing for 80 gold pieces
  2006 | D        | Bought 3 scrolls of fog for 60 gold pieces
  2007 | D        | Round 13.
  2104 | D        | Reached skill level 10 in Shields
  2147 | D        | Arena points: 8060 (+143) [x1]
  2160 | D        | Bought a crude cloak for 332 gold pieces
  2163 | D        | Round 14.
  2184 | D        | Identified the +2 cloak of Jagoil {Str+3 Int+1} (You bought it in a shop in the Dungeon)
  2259 | D        | Arena points: 8424 (+364) [x2]
  2261 | D        | Reached XP level 13. HP: 130/130 MP: 20/20
  2287 | D        | Bought 3 potions of heal wounds for 90 gold pieces
  2311 | D        | Bought a faintly glowing platinum amulet for 45 gold pieces
  2315 | D        | Round 15.
  2319 | D        | Bought 3 scrolls of identify for 150 gold pieces
  2331 | D        | Noticed Agnes
  2341 | D        | Killed Agnes
  2341 | D        | Arena points: 9084 (+660) [x4]
  2341 | D        | Reached skill level 21 in Evocations
  2341 | D        | Gained mutation: You resist negative energy. [level up]
  2341 | D        | Reached XP level 14. HP: 128/139 MP: 20/22
  2342 | D        | Got a mossy rune of Zot
  2349 | D        | Reached skill level 5 in Stealth
  2349 | D        | Reached XP level 15. HP: 134/146 MP: 21/23
  2366 | D        | Bought 8 scrolls of enchant weapon for 600 gold pieces
  2393 | D        | Upgraded the game from 0.15-a0-2293-g46567fe to 0.15-a0-2352-g26abbdd
  2576 | D        | Round 16.
  2580 | D        | Identified the amulet of Pnihah {Inacc Contam Int+3} (You bought it in a shop in the Dungeon)
  2598 | D        | Reached skill level 15 in Invocations
  2610 | D        | Reached skill level 22 in Evocations
  2634 | D        | Reached skill level 23 in Evocations
  2646 | D        | Arena points: 10044 (+960) [x5]
  2661 | D        | Round 17.
  2665 | D        | Gained mutation: You have difficulty communicating with the divine. [mutagenic glow]
  2694 | D        | Noticed Nikola
  2702 | D        | Killed Nikola
  2702 | D        | Reached skill level 24 in Evocations
  2759 | D        | Reached skill level 15 in Dodging
  2827 | D        | Arena points: 10282 (+238) [x1]
  2837 | D        | Bought an ichor-stained leather armour for 245 gold pieces
  2838 | D        | Identified the cursed -4 leather armour "Xierr" {Str+3 Int-3} (You bought it in a shop in the Dungeon)
  2840 | D        | Bought a polished animal skin for 185 gold pieces
  2841 | D        | Identified the cursed +0 animal skin of Paranoia {Slay+4} (You bought it in a shop in the Dungeon)
  2843 | D        | Round 18.
  2849 | D        | Bought a glittering steel ring for 45 gold pieces
  2849 | D        | Bought a shimmering ivory ring for 45 gold pieces
  2849 | D        | Bought a brightly glowing lapis lazuli ring for 45 gold pieces
  2851 | D        | Identified the ring of Shou {SustAb rC+} (You bought it in a shop in the Dungeon)
  2853 | D        | Identified the ring "Woal" {rC+ Str-2 Stlth+} (You bought it in a shop in the Dungeon)
  2855 | D        | Identified the ring "Plac Pnur" {rF+ Str+1 Int+2 Stlth+} (You bought it in a shop in the Dungeon)
  2894 | D        | Reached skill level 25 in Evocations
  2962 | D        | Reached skill level 26 in Evocations
  2994 | D        | Arena points: 10714 (+432) [x2]
  3022 | D        | Round 19.
  3149 | D        | Reached skill level 27 in Evocations
  3180 | D        | Arena points: 11569 (+855) [x3]
  3195 | D        | Bought a +0 gold dragon armour for 960 gold pieces
  3219 | D        | Bought 4 scrolls of enchant armour for 300 gold pieces
  3221 | D        | Round 20.
  3270 | D        | Arena points: 12869 (+1300) [x5]
  3271 | D        | Got a slimy rune of Zot
  3278 | D        | Bought 4 scrolls of enchant armour for 300 gold pieces
  3295 | D        | Bought 4 scrolls of enchant armour for 300 gold pieces
  3322 | D        | Bought 3 scrolls of identify for 150 gold pieces
  3324 | D        | Bought a distressingly furry cloak for 332 gold pieces
  3336 | D        | Identified the +1 cloak of Hairiness {rElec rPois} (You bought it in a shop in the Dungeon)
  3452 | D        | Round 21.
  3457 | D        | Reached skill level 10 in Armour
  3514 | D        | Arena points: 14381 (+1512) [x6]
  3526 | D        | Reached XP level 16. HP: 138/153 MP: 23/23
  3529 | D        | Round 22.
  3574 | D        | Bought an uncursed amulet of the gourmand for 450 gold pieces
  3626 | D        | Reached skill level 5 in Throwing
  3640 | D        | Reached skill level 15 in Armour
  3640 | D        | Reached XP level 17. HP: 156/162 MP: 23/23
  3697 | D        | Arena points: 17461 (+3080) [x7]
  3731 | D        | Round 23.
  3731 | D        | Noticed an Ice Fiend
  3731 | D        | Noticed an Ice Fiend
  3735 | D        | Killed an Ice Fiend
  3738 | D        | Killed an Ice Fiend
  3738 | D        | Reached skill level 10 in Throwing
  3741 | D        | Noticed an Ice Fiend
  3749 | D        | Killed an Ice Fiend
  3808 | D        | Arena points: 20221 (+2760) [x8]
  3823 | D        | Round 24.
  3824 | D        | Bought 3 potions of heal wounds for 90 gold pieces
  3824 | D        | Bought 4 potions of curing for 80 gold pieces
  3824 | D        | Bought 4 potions of curing for 80 gold pieces
  3825 | D        | Noticed a Killer Klown
  3842 | D        | Noticed a Killer Klown
  3847 | D        | Killed a Killer Klown
  3862 | D        | Killed a Killer Klown
  3871 | D        | Noticed a Killer Klown
  3889 | D        | Killed a Killer Klown
  3896 | D        | Noticed a Killer Klown
  3912 | D        | Arena points: 23245 (+3024) [x9]
  3927 | D        | Round 25.
  3939 | D        | Noticed a vault guard captain
  3990 | D        | Killed a vault guard captain
  3990 | D        | Arena points: 27095 (+3850) [x11]
  3991 | D        | Got a silver rune of Zot
  4055 | D        | Bought a scroll of brand weapon for 200 gold pieces
  4055 | D        | Bought 3 scrolls of recharging for 285 gold pieces
  4055 | D        | Bought 3 scrolls of recharging for 285 gold pieces
  4055 | D        | Bought 3 scrolls of recharging for 285 gold pieces
  4055 | D        | Bought 5 scrolls of blinking for 375 gold pieces
  4055 | D        | Bought 3 scrolls of silence for 225 gold pieces
  4076 | D        | Bought 5 potions of haste for 350 gold pieces
  4076 | D        | Bought 6 potions of agility for 150 gold pieces
  4076 | D        | Bought 6 potions of might for 150 gold pieces
  4096 | D        | Bought an uncursed ring of protection from magic for 375 gold pieces
  4098 | D        | Bought a quad damage for 400 gold pieces
  4112 | D        | Bought 3 scrolls of identify for 150 gold pieces
  4112 | D        | Bought 3 scrolls of identify for 150 gold pieces
  4114 | D        | Bought a pair of transparent gloves for 332 gold pieces
  4114 | D        | Bought a faintly glowing large shield for 332 gold pieces
  4115 | D        | Identified the +2 pair of gloves of Experimentation {Str+3 Stlth---} (You bought it in a shop in the Dungeon)
  4118 | D        | Identified the +8 large shield of the Spheres {Stlth++} (You bought it in a shop in the Dungeon)
  4129 | D        | Gained mutation: You passively map a large area around you. [level up]
  4129 | D        | Reached XP level 18. HP: 154/170 MP: 23/23
  4177 | D        | Round 26.
  4208 | D        | Noticed a pearl dragon
  4227 | D        | Killed a pearl dragon
  4246 | D        | Noticed a pearl dragon
  4246 | D        | Got a crude large shield
  4253 | D        | Killed a pearl dragon
  4253 | D        | Reached skill level 15 in Shields
  4255 | D        | Noticed a pearl dragon
  4265 | D        | Killed a pearl dragon
  4280 | D        | Noticed a pearl dragon
  4292 | D        | Killed a pearl dragon
  4314 | D        | Reached XP level 19. HP: 153/177 MP: 23/23
  4370 | D        | Arena points: 32711 (+5616) [x12]
  4429 | D        | Round 27.
  4433 | D        | Noticed an electric golem
  4451 | D        | Noticed Tiamat
  4456 | D        | Killed an electric golem
  4500 | D        | Gained mutation: You can breathe flames. [a cacodemon]
  4503 | D        | HP: 6/177 [disintegration[the player character] (31)]
  4504 | D        | Demolished by Tiamat

Action                   |  1- 3 |  4- 6 |  7- 9 | 10-12 | 13-15 | 16-18 | 19-21 || total
-------------------------+-------+-------+-------+-------+-------+-------+-------++-------
Melee: Broad axe         |       |    12 |     3 |   101 |     2 |       |       ||   118
       Rod               |       |       |       |    11 |       |       |       ||    11
       War axe           |       |       |       |       |   217 |   258 |    94 ||   569
Throw: Javelin           |       |       |       |       |       |    10 |     5 ||    15
Invok: Greater Servant o |       |       |       |     5 |     7 |    11 |     2 ||    25
       Major Destruction |       |       |       |     1 |       |       |       ||     1
 Abil: Device Recharging |       |       |     2 |    10 |     3 |     2 |       ||    17
Evoke: Wand              |     4 |    22 |    31 |    70 |    25 |    23 |     3 ||   178
       Rod               |       |       |       |    11 |    15 |    10 |       ||    36
       Quad damage       |       |       |       |       |       |       |     1 ||     1
  Use: Potion            |       |     1 |     2 |     3 |     3 |    12 |     5 ||    26
       Scroll            |       |       |       |     4 |    23 |     9 |       ||    36
 Stab: Distracted        |       |       |       |     4 |     6 |    12 |       ||    22
       Confused          |       |       |       |     2 |     1 |       |       ||     3
  Eat: Chunk             |       |       |       |     5 |     6 |     5 |     6 ||    22
